 Dungeon Crawl Stone Soup version 0.21.1-1-g345015f (webtiles) character file.

70 Medidev the Covered (level 4, 0/42 HPs)
             Began as a Deep Dwarf Fighter on Mar 12, 2018.
             Slain by an orc
             ... wielding a +0 hand axe
              (3 damage)
             ... on level 3 of the Dungeon.
             The game lasted 00:07:00 (1551 turns).

Medidev the Covered (Deep Dwarf Fighter)            Turns: 1551, Time: 00:07:01

Health: 0/42       AC:  8    Str: 20    XL:     4   Next: 3%
Magic:  4/4        EV:  8    Int:  9    God:
Gold:   82         SH:  9    Dex: 12    Spells: 3/3 levels left

rFire    . . .     SeeInvis .   o - +0 dagger (flame)
rCold    . . .     Gourm    .   l - +0 shield
rNeg     . . .     Faith    .   n - +0 ring mail (curse)
rPois    .         Spirit   .   (no helmet)
rElec    .         Reflect  .   (no cloak)
rCorr    +         Harm     .   k - +0 pair of gloves
MR       .....                  j - +0 pair of boots {Fly}
Stlth    +.........             (no amulet)
HPRegen  0.00/turn              i - -3 ring of slaying (curse)
MPRegen  0.09/turn              p - ring of resist corrosion

@: non-regenerating
A: damage resistance, heal wounds, sense surroundings 1, no regeneration
a: Heal Wounds, Evoke Flight


You were on level 3 of the Dungeon.
You were not hungry.

You visited 1 branch of the dungeon, and saw 3 of its levels.

You collected 82 gold pieces.

Inventory:

Hand Weapons
 a - a +0 war axe
 o - a +0 dagger of flaming (weapon)
 q - a +0 war axe
Armour
 b - a +0 scale mail
 c - a +0 shield
 j - a +0 pair of boots of flying (worn)
 k - a +0 pair of gloves (worn)
 l - a +0 shield (worn)
 n - a cursed +0 ring mail (worn)
Jewellery
 i - a cursed -3 ring of slaying (left hand)
 p - a ring of resist corrosion (right hand)
Scrolls
 m - 3 scrolls of teleportation
Potions
 d - a potion of might
 e - a potion of brilliance {unknown}
 g - a potion of ambrosia
 h - a potion of curing
Comestibles
 f - 4 rations


   Skills:
 + Level 3.1 Fighting
 + Level 2.8 Axes
 + Level 4.1 Armour
 + Level 0.4 Dodging
 + Level 3.9 Shields


You had 3 spell levels left.
You didn't know any spells.

Dungeon Overview and Level Annotations

Branches:
Dungeon (3/15)

Altars:


Innate Abilities, Weirdness & Mutations

You are resistant to damage.
You can heal yourself by infusing magical energy.
You passively map a small area around you.
You do not regenerate.


Message History

The orc barely misses you.
You hit the orc but do no damage.
The orc is moderately wounded.
You block the orc's attack.
You hit the orc but do no damage.
The orc is moderately wounded.
The orc hits you but does no damage.
You hit the orc but do no damage.
The orc is moderately wounded.
The orc hits you but does no damage.
You hit the orc but do no damage.
The orc is moderately wounded.
You block the orc's attack.
You closely miss the orc.
The orc is moderately wounded.
The orc barely misses you.
You hit the orc but do no damage.
The orc is moderately wounded.
The orc hits you with a hand axe.
You die...

* * * , , ,
##### * ##...##
,,. ,
#.....######....
>
#.......@o......
#.....###.......
, ##...##
.##...., ##.## *
.# ### #.# ,##≈
≈ * #.# #.# * *
#.# #.# *


You could see an orc.

Vanquished Creatures
  3 adders (D:2)
  A worm (D:2)
  A dart slug (D:2)
  2 leopard geckos
  2 bats
  3 giant cockroaches
  5 goblins
  2 hobgoblins
  2 jackals (D:1)
  6 kobolds
  4 frilled lizards
  6 rats
37 creatures vanquished.

Notes
Turn   | Place    | Note
-------+----------+-------------------------------------------
     0 | D:1      | Medidev the Deep Dwarf Fighter began the quest for the Orb.
     0 | D:1      | Reached XP level 1. HP: 20/20 MP: 1/1
   310 | D:1      | Reached XP level 2. HP: 22/28 MP: 2/2
   820 | D:2      | Reached XP level 3. HP: 26/34 MP: 3/3
  1094 | D:2      | Reached skill level 4 in Armour
  1423 | D:3      | Reached XP level 4. HP: 7/42 MP: 4/4
  1551 | D:3      | Slain by an orc

Skill      XL: |  1  2  3 |
---------------+----------+-----
Fighting       | 3 |  3.1
Armour         | 4 |  4.1
Axes           | |  2.8
Dodging        | |  0.4
Shields        | |  3.9

Action                   |  1- 3 |  4- 6 || total
-------------------------+-------+-------++-------
Melee: War axe           |   153 |     3 ||   156
       Dagger            |       |    47 ||    47
 Abil: Stop Flying       |     1 |       ||     1
       Heal Wounds       |     1 |       ||     1
  Use: Scroll            |     7 |     1 ||     8
  Eat: Ration            |     1 |       ||     1
Armor: Scale mail        |    35 |       ||    35
       Ring mail         |    23 |    17 ||    40
Dodge: Dodged            |    59 |     7 ||    66
Block: Shield            |    99 |    19 ||   118
